 Dungeon Crawl Stone Soup version bcrawl-1.37.2 (webtiles) character file.

Game seed: 16746627554790813407

189001 Leeroy the Carver (level 7, -25/48 (49) HPs)
             Began as a Vampire Skald on Feb 2, 2023.
             Annihilated by an ogre
             ... wielding a +0 giant spiked club
              (26 damage)
             ... on level 5 of the Dungeon.
             The game lasted 00:05:07 (4062 turns).

Leeroy the Carver (Vampire Skald)                   Turns: 4062, Time: 00:05:07

HP:   -25/48 (49)   AC:  3    Str: 14    XL:     7   Next: 11%
MP:   0/10          EV: 11    Int: 11    God:
Gold: 115           SH:  8    Dex: 18    Spells: 3/10 levels left

rFire    . . .     GDR:     30% a - +0 long sword
rCold    + . .     SeeInvis +   w - +0 buckler of Listlessness {Int+2 Dex+4}
rNeg     + + .     Gourm    .   b - +0 leather armour
rPois    ∞         Faith    .   (no helmet)
rElec    .         Spirit   +   p - scarf {Spirit}
rCorr    .         Reflect  .   (no gloves)
MR       .....     Rnd*Tele +   (no boots)
Stlth    ++........             d - amulet of magic regeneration
HPRegen  0.09/turn              u - -5 ring of intelligence (curse)
MPRegen  0.28/turn              x - ring of teleportation (curse)

@: very slightly contaminated, bloodless, regenerating slowly, glowing
A: claws 1, fangs 3, see invisible, unbreathing
a: no special abilities


You were on level 5 of the Dungeon.
You were bloodless.

You visited 1 branch of the dungeon, and saw 5 of its levels.

You collected 115 gold pieces.

Inventory:

Hand Weapons
 a - a +0 long sword (weapon)
 f - a +0 hunting sling of flaming
Armour
 b - a +0 leather armour (worn)
 p - a scarf of spirit shield (worn)
 w - the +0 buckler of Listlessness (worn) {Int+2 Dex+4}
   (You found it on level 4 of the Dungeon)

   It affects your intelligence (+2).
   It affects your dexterity (+4).
Jewellery
 d - an amulet of magic regeneration (around neck)
 u - a cursed -5 ring of intelligence (left claw)
 x - a cursed ring of teleportation (right claw)
Scrolls
 c - 2 scrolls of magic mapping {unknown}
 j - 4 scrolls of teleportation
 l - 2 scrolls of remove curse {unknown}
 m - a scroll of immolation {unknown}
 o - a scroll of fog {unknown}
 v - a scroll of noise {unknown}
Potions
 g - 2 potions of curing {unknown}
 h - a potion of invisibility {unknown}
 k - a potion of mutation {unknown}
 n - a potion of heal wounds {unknown}
 q - 3 potions of blood
 r - a potion of haste {unknown}
 s - a potion of might {unknown}
 t - a potion of brilliance {unknown}


   Skills:
 - Level 1.7 Fighting
 + Level 9.4 Long Blades
 - Level 0.8 Armour
 - Level 2.1 Dodging
 - Level 2.0 Spellcasting
 - Level 3.2 Charms


You had 3 spell levels left.
You knew the following spells:

 Your Spells              Type           Power        Failure   Level  Hunger
a - Infusion              Chrm           #.......     26%         1    None
b - Spectral Weapon       Hex/Chrm       #.......     85%         3    ####...
c - Ozocubu's Armour      Chrm/Ice       #.......     85%         3    ####...

Your spell library contained the following spells:

 Spells                   Type           Power        Failure   Level  Hunger
 Song of Slaying          Chrm           #.......     38%         2    ##.....
 Swiftness                Chrm/Air       #.......     63%         2    ##.....
 Regeneration             Chrm/Necr      #.........   85%         3    ####...


Dungeon Overview and Level Annotations

Branches:
Dungeon (5/12)
 Temple: D:4-7

Altars:
Ashenzari
Kikubaaqudgha
Lugonu

Shops:
D:4 *=[%


Innate Abilities, Weirdness & Mutations

You heal slowly.
You are immune to poison.
You have sharp fingernails.
You have razor-sharp teeth.
You have supernaturally acute eyesight. (SInv)
You can survive without breathing.


Message History

The orc wizard mumbles some strange words.
The orc wizard blinks!
You block the ogre's attack.
You barely miss the ogre.
The ogre is severely wounded.
The ogre closely misses you.
You hit the ogre.
The ogre is severely wounded.
You closely miss the ogre.
The ogre is severely wounded.
The orc wizard mumbles some strange words.
The orc wizard blinks!
The ogre hits you with a +0 giant spiked club!
* * * LOW HITPOINT WARNING * * *
You hit the ogre.
The ogre is almost dead.
You hit the ogre.
The ogre is almost dead.
The ogre hits you with a +0 giant spiked club!!
Ouch! That really hurt!
You die...

##### #.@†#
#.O§# ...#
#...# ...#
#...# o...##
#...# .o.h..
#.oo###.o....
#......(....[
#.)..........
#............


You could see an ogre and 2 orc wizards.

Vanquished Creatures
  2 sky beasts
  An ogre (D:4)
  A howler monkey (D:4)
  A jelly (D:4)
  A hound (D:4)
  An iguana (D:3)
  2 worker ants
  5 adders
  An adder skeleton (D:3)
  3 worms
  8 dart slugs
  3 leopard geckos (D:1)
  4 orcs
  3 ball pythons
  5 giant cockroaches
  8 goblins
  7 hobgoblins
  A jackal (D:5)
  8 kobolds
  A quokka (D:4)
  2 bats (D:1)
  4 frilled lizards
  3 rats
75 creatures vanquished.

Notes
Turn   | Place    | Note
-------+----------+-------------------------------------------
     0 | D:1      | Leeroy the Vampire Skald began the quest for the Orb.
     0 | D:1      | Reached XP level 1. HP: 16/16 MP: 3/3
   104 | D:1      | Reached skill level 3 in Long Blades
   109 | D:1      | Reached XP level 2. HP: 16/22 MP: 5/5
   302 | D:1      | Reached skill level 4 in Long Blades
   411 | D:1      | Reached XP level 3. HP: 14/27 MP: 6/6
  1112 | D:2      | Reached skill level 5 in Long Blades
  1112 | D:2      | Reached XP level 4. HP: 25/33 MP: 7/7
  1304 | D:2      | Found an ancient bone altar of Kikubaaqudgha.
  1374 | D:2      | Found a glowing silver altar of Zin.
  1420 | D:2      | Noticed a sky beast
  1433 | D:2      | Killed a sky beast
  1434 | D:2      | Reached skill level 6 in Long Blades
  1434 | D:2      | Reached XP level 5. HP: 7/38 MP: 8/8
  2024 | D:3      | Reached skill level 7 in Long Blades
  2306 | D:3      | Found a blossoming altar of Fedhas.
  2307 | D:3      | Found a shattered altar of Ashenzari.
  2307 | D:3      | Found a white marble altar of Elyvilon.
  2714 | D:4      | Noticed an ogre
  2734 | D:4      | HP: 1/38 [ogre/+0 giant spiked club (19)]
  2735 | D:4      | Killed an ogre
  2736 | D:4      | Reached skill level 8 in Long Blades
  2736 | D:4      | Reached XP level 6. HP: 2/44 MP: 0/9
  3104 | D:3      | Learned a level 3 spell: Spectral Weapon
  3108 | D:3      | Learned a level 3 spell: Ozocubu's Armour
  3162 | D:4      | Noticed a sky beast
  3217 | D:3      | Killed a sky beast
  3218 | D:3      | Reached skill level 9 in Long Blades
  3516 | D:4      | Found Xaarefuli's Armour Emporium.
  3527 | D:4      | Got a slimy buckler
  3531 | D:4      | Found Neurgh's Food Shoppe.
  3555 | D:4      | Found Mohao's Jewellery Shoppe.
  3590 | D:4      | Found a corrupted altar of Lugonu.
  3638 | D:4      | Found Owago Itoiwn's Assorted Antiques.
  3855 | D:4      | Reached XP level 7. HP: 44/48 MP: 10/10
  3863 | D:4      | Identified the +0 buckler of Listlessness {Int+2 Dex+4}
                  | (You found it on level 4 of the Dungeon)
  3933 | D:5      | Entered Level 5 of the Dungeon
  4060 | D:5      | HP: 1/48 [ogre/+0 giant spiked club (9)]
  4062 | D:5      | Annihilated by an ogre

Skill      XL: |  1  2  3  4  5  6 |
---------------+-------------------+-----
Long Blades    | 3 4 5 6 8 9 |  9.4
Fighting       | |  1.7
Armour         | |  0.8
Dodging        | |  2.1
Spellcasting   | |  2.0
Charms         | |  3.2

Action                   |  1- 3 |  4- 6 |  7- 9 || total
-------------------------+-------+-------+-------++-------
Melee: Long sword        |   117 |   114 |    28 ||   259
       Bite              |    12 |    13 |     3 ||    28
 Cast: Infusion          |       |     1 |       ||     1
       Spectral Weapon   |       |     1 |       ||     1
  Use: Scroll            |       |     2 |     1 ||     3
 Stab: Sleeping          |     3 |     8 |       ||    11
       Distracted        |       |     1 |       ||     1
  Eat: Corpse            |     2 |     3 |       ||     5
Armor: Leather armour    |    29 |    14 |     1 ||    44
Dodge: Dodged            |    72 |    55 |    11 ||   138
Block: Other             |     2 |     5 |       ||     7
       Buckler           |       |       |    14 ||    14
